 Dungeon Crawl Stone Soup version 0.30.0-30-g96aa6591b8 (webtiles) character file.

Game seed: 17044424059368495607

6 BreadTh the Slasher (level 1, 6/10 (20) HPs)
             Began as a Gnoll Reaver on June 28, 2023.
             Quit the game on level 1 of the Dungeon.
             The game lasted 00:01:04 (181 turns).

BreadTh the Slasher (Gnoll Reaver)                   Turns: 181, Time: 00:01:04

HP:   6/10 (20)     AC:  3    Str: 11    XL:     1   Next: 90%
MP:   5/6           EV: 12    Int: 12    God:
Gold: 17            SH:  0    Dex: 10    Spells: 8/9 levels left

rFire   . . .        a - +0 falchion
rCold   . . .        (no shield)
rNeg    . . .        b - +0 leather armour
rPois   .            (no helmet)
rElec   .            (no cloak)
rCorr   .            (no gloves)
SInv    .            (no boots)
Will    .....        (no amulet)
Stlth   +            (no ring)
HPRegen 0.21/turn    (no ring)
MPRegen 0.10/turn

%: no passive effects
@: extremely drained
A: fangs 1, strong nose, distributed training
a: no special abilities


You were on level 1 of the Dungeon.
You visited 1 branch of the dungeon, and saw 1 of its levels.

You collected 17 gold pieces.

Inventory:

Hand Weapons
 a - a +0 falchion (weapon)
Armour
 b - a +0 leather armour (worn)
 c - a +0 pair of boots
Scrolls
 d - a scroll of identify {unknown}


   Skills:
 + Level 4.4 Fighting
 + Level 0.2 Short Blades
 + Level 6.4 Long Blades
 + Level 0.2 Axes
 + Level 0.2 Maces & Flails
 + Level 0.2 Polearms
 + Level 0.2 Staves
 + Level 0.2 Ranged Weapons
 + Level 0.2 Throwing
 + Level 0.2 Armour
 + Level 4.4 Dodging
 + Level 0.2 Stealth
 + Level 0.2 Shields
 + Level 0.2 Unarmed Combat
 + Level 4.9 Spellcasting
 + Level 5.3 Conjurations
 + Level 0.1 Hexes
 + Level 0.1 Summonings
 + Level 0.1 Necromancy
 + Level 0.1 Translocations
 + Level 0.1 Transmutations
 + Level 0.1 Fire Magic
 + Level 0.1 Ice Magic
 + Level 0.1 Air Magic
 + Level 0.1 Earth Magic
 + Level 0.1 Poison Magic
 + Level 0.3 Invocations
 + Level 0.2 Evocations


You had 8 spell levels left.
You knew the following spells:

 Your Spells              Type           Power      Damage    Failure   Level
a - Kiss of Death         Conj/Necr      36%        2d8       9%          1

Your spell library contained the following spells:

 Spells                   Type           Power      Damage    Failure   Level
 Momentum Strike          Conj/Tloc      18%        3d8       13%         2
 Hailstorm                Conj/Ice       9%         3d4       26%         3


Dungeon Overview and Level Annotations

Branches:
Dungeon (1/15)

Altars:

Shops:
D:1 *


Innate Abilities, Weirdness & Mutations

You have very sharp teeth.
Your uncanny sense of smell can sniff out nearby items.
Your experience applies equally to all skills.


Message History

You see here a +0 robe.
A kobold comes into view. It is wielding a +0 whip.
Found Gonidwu's Assorted Antiques.
The kobold shouts!
The kobold throws a stone.
The stone barely misses you.
You barely miss the kobold. Your bite misses the kobold.
The kobold barely misses you.
You hit the kobold.
The kobold is severely wounded.
The kobold barely misses you.
You miss the kobold.
The kobold is moderately wounded.
The kobold hits you with a +0 whip.
You closely miss the kobold. You punch the kobold, but do no damage.
The kobold is moderately wounded.
The kobold hits you with a +0 whip.
You closely miss the kobold.
The kobold is moderately wounded.
The kobold hits you with a +0 whip.
You barely miss the kobold. You bite the kobold, but do no damage.
The kobold is moderately wounded.
The kobold closely misses you.
You barely miss the kobold. Your bite misses the kobold.
The kobold is moderately wounded.
The kobold misses you.
You hit the kobold.
The kobold is severely wounded.
The kobold hits you with a +0 whip.
Casting: Kiss of Death (safe; 9% risk of failure)
Confirm with . or Enter, or press ? or * to list all spells.
Aiming: Kiss of Death (safe; 9% risk of failure)
Press: ? - help, Shift-Dir - straight line, f - kobold
Aim: a kobold, wielding a +0 whip and quivering stones (severely wounded, 100% to hit)
The negative energy hits the kobold!
The kobold is drained!
You kill the kobold!
You feel drained.
Things that are here:
a +0 whip; 5 stones
There is an entrance to Gonidwu's Assorted Antiques here.
Are you sure you want to abandon this character and quit the game? (Confirm with "yes".)

.###..# #.# #.#.#
########.).. .#...## #.#
#.#.. ..........#.
...### #.# #.###
###########.
..########.# #.. ....
....†......####### .....
.######........ .....
...........#############
.....
........................
......
...........###..@.......
.....
..[.##########..........
....^
..#.........##..........
.....
..#####......)..........
..... ..#
#.....##.......... .....
..# #..........#######
##### ..# #..........# #
..# #..........# ######
..# #...$......# #.....


There were no monsters in sight!

Vanquished Creatures
  A ball python (D:1)
  A hobgoblin (D:1)
  A bat (D:1)
  A frilled lizard (D:1)
  3 kobolds (D:1)
7 creatures vanquished.

Notes
Turn   | Place    | Note
-------+----------+-------------------------------------------
     0 | D:1      | BreadTh the Gnoll Reaver began the quest for the Orb.
     0 | D:1      | Reached XP level 1. HP: 20/20 MP: 6/6
   163 | D:1      | Found Gonidwu's Assorted Antiques.
   181 | D:1      | Quit the game

Illustrated notes

Levels and vault maps discovered:
D:1:      minmay_arrival_up_and_down, layout_basic, serial_shops, shop

Action                     || total
---------------------------++-------
  Melee: Falchion          ||    19
         Punch             ||     1
         Bite              ||     1
   Cast: Kiss of Death     ||     3
 Armour: Leather armour    ||     3
  Dodge: Dodged            ||    13
